 Dungeon Crawl Stone Soup version 0.30-a0-728-gc68057be0a (webtiles) character file.

Game seed: 10466128883688922581

18694 jimonade the Markself (level 12, -8/61 HPs)
             Began as a Deep Elf Hunter on Jan 31, 2023.
             Was a High Priest of Hepliaklqana.
             Mangled by a reaper
             ... wielding a +2 scythe of freezing
              (25 damage)
             ... in an ice cave.
             The game lasted 00:38:48 (12228 turns).

jimonade the Markself (Deep Elf Hunter)            Turns: 12228, Time: 00:38:48

Health: -8/61      AC:  7    Str: 12    XL:     12   Next: 30%
Magic:  22/22      EV: 18    Int: 19    God:    Hepliaklqana [*****.]
Gold:   882        SH:  5    Dex: 38    Spells: 22/22 levels left

rFire   + . .      SeeInvis .    a - +6 hand crossbow of Visy {elec, Str+4}
rCold   + + .      Faith    .    (no shield)
rNeg    + . .      Spirit   .    g - +0 leather armour {rC+}
rPois   .          Reflect  +    o - +1 helmet {Int+3}
rElec   .          Harm     .    y - scarf {rC+ rF+}
rCorr   .          Rampage  .    I - +0 pair of gloves
Will    +....                    (no boots)
Stlth   ++++                     e - amulet "Bibenode" {Reflect rN+ Dex+4 SH+5}
HPRegen 0.30/turn                H - +6 ring of dexterity
MPRegen 0.18/turn                R - +6 ring of dexterity

@: no status effects
A: reduced essence
a: Renounce Religion, Recall Ancestor, Ancestor Identity, Transference, Idealise


You were in an ice cave.
You worshipped Hepliaklqana.
Hepliaklqana was extremely pleased with you.
You visited 2 branches of the dungeon, and saw 15 of its levels.
You also visited: Sewer, Bailey and Ice Cave.

You collected 1122 gold pieces.
You spent 240 gold pieces at shops.

Inventory:

Hand Weapons
 a - the +6 hand crossbow of Visy (weapon) {elec, Str+4}
   (You acquired it on level 6 of the Dungeon)

   Str:       It affects your strength (+4).
 b - a +3 sling of draining
 M - a +3 sling
Missiles
 f - 5 throwing nets
 z - 4 atropa-tipped darts
 P - 2 curare-tipped darts
 T - 4 datura-tipped darts
Armour
 g - a +0 leather armour of cold resistance (worn)
 o - a +1 helmet of intelligence (worn)
 y - a scarf of resistance (worn)
 G - a +3 leather armour
 I - a +0 pair of gloves (worn)
 S - a +2 robe of willpower
 Y - a +2 leather armour of positive energy
 Z - a +0 tower shield of cold resistance
Magical Staves
 m - a staff of poison
Jewellery
 d - a ring of magical power
 e - the amulet "Bibenode" (around neck) {Reflect rN+ Dex+4 SH+5}
   (You acquired it on level 4 of the Dungeon)

   [amulet of reflection]

   It reflects blocked missile attacks.
   Dex:       It affects your dexterity (+4).
   rN:        It protects you from negative energy.
   SH:        It affects your SH (+5).
 p - a ring of flight
 s - a +6 ring of strength
 x - a ring of see invisible
 B - an amulet of regeneration
 D - a ring of poison resistance
 F - a ring of protection from fire
 H - a +6 ring of dexterity (left hand)
 R - a +6 ring of dexterity (right hand)
 V - a ring of willpower
Wands
 c - a wand of roots (7)
 j - a wand of flame (15)
 k - a wand of charming (8)
 n - a wand of polymorph (4)
 N - a wand of digging (1)
 Q - a wand of mindburst (24)
Scrolls
 h - 2 scrolls of immolation
 r - 5 scrolls of teleportation
 u - 5 scrolls of fog
 J - a scroll of butterflies
 O - 2 scrolls of blinking
 U - a scroll of silence
 W - a scroll of enchant armour
 X - a scroll of poison
Potions
 i - 3 potions of heal wounds
 l - 2 potions of invisibility
 q - 3 potions of ambrosia
 t - 2 potions of brilliance
 v - a potion of mutation
 w - a potion of magic
 A - 3 potions of curing
 C - 3 potions of berserk rage
 E - 4 potions of flight
 K - 2 potions of lignification
 L - 4 potions of haste


   Skills:
 - Level 5.3 Fighting
 - Level 18.0 Ranged Weapons
 - Level 6.7 Armour
 + Level 4.9 Dodging
 - Level 6.1 Stealth
 + Level 4.7 Shields
 * Level 5.7 Spellcasting
 * Level 4.8 Transmutations
 * Level 4.9 Poison Magic


You had 22 spell levels left.
You didn't know any spells.
Your spell library contained the following spells:

 Spells                   Type           Power      Damage    Failure   Level
 Apportation              Tloc           10%        N/A       14%         1
 Tukima's Dance           Hex            5%         N/A       38%         3
 Alistair's Intoxication  Tmut/Pois      16%        N/A       45%         5
 Passage of Golubria      Tloc           5%         N/A       80%         4
 Yara's Violent Unravell  Hex/Tmut       7%         3d5       82%         5
 Eringya's Noxious Bog    Tmut/Pois      12%        N/A       96%         6
 Freezing Cloud           Conj/Ice/Air   2%         6-21      98%         5
 Summon Forest            Summ/Tloc      2%         N/A       98%         5
 Simulacrum               Ice/Necr       2%         N/A       100%        6
 Summon Hydra             Summ           2%         N/A       100%        7
 Polar Vortex             Ice            2%         N/A       100%        9


Dungeon Overview and Level Annotations

Branches:
Dungeon (14/15)            Temple (1/1) D:4            Lair (0/5) D:11
    Orc (0/2) D:10          Sewer (visited)          Bailey (visited)
  IceCv (1/1)
 Vaults: D:13-14

Altars:
Ashenzari
Cheibriados
Dithmenos
Elyvilon
Fedhas
Gozag
Hepliaklqana
Kikubaaqudgha
Makhleb
Nemelex Xobeh
Okawaru
Qazlal
Ru
Sif Muna
Trog
Uskayaw
Vehumet
Wu Jian
Xom
Yredelemnul
Zin
The Shining One

Shops:
D:3 [   D:4 ?   D:9 !*:*[


Message History

Okay, then.
Press: ? - help, v - describe, . - travel
Here: a reaper, wielding a +2 scythe of freezing (freezing vapour)
The floor.
Okay, then.
Fire: a) +6 hand crossbow of Visy {elec, Str+4}
Press: ? - help, Q - select action, (/) - cycle Shift-Dir - straight line, f - reaper
Aim: a reaper, wielding a +2 scythe of freezing (freezing vapour, 79% to hit)
You shoot a bolt. Sagil-Zimu avoids your attack.
The bolt hits the reaper!!
The reaper is heavily wounded.
You hear a shout!
Sagil-Zimu hits the reaper with a +0 flail.
The reaper is engulfed in freezing vapours.
The reaper shouts, "You must die NOW!"
The reaper hits you from afar with a +2 scythe of freezing!!
Ouch! That really hurt!
The reaper freezes you.
* * * LOW HITPOINT WARNING * * *
You don't know any spells.
Unknown command.
You fail to use your ability.
Sagil-Zimu closely misses the reaper.
You block the reaper's attack.
Sagil-Zimu hits the reaper with a +0 flail.
The reaper hits Sagil-Zimu with a +2 scythe of freezing!!!
The reaper freezes Sagil-Zimu.
Sagil-Zimu is destroyed!
Fire: a) +6 hand crossbow of Visy {elec, Str+4}
Press: ? - help, Q - select action, (/) - cycle Shift-Dir - straight line, f/p - reaper
Aim: a reaper, wielding a +2 scythe of freezing (heavily wounded, 79% to hit)
You shoot a bolt. The bolt hits the reaper.
Lightning courses through the reaper!!
The reaper is almost dead.
Fire: a) +6 hand crossbow of Visy {elec, Str+4}
Press: ? - help, Q - select action, (/) - cycle Shift-Dir - straight line, f/p - reaper
Aim: a reaper, wielding a +2 scythe of freezing (almost dead, 79% to hit)
You shoot a bolt.
The bolt hits the reaper but does no damage.
The reaper is almost dead.
The reaper hits you from afar with a +2 scythe of freezing!!
You die...

#..# #..#
##..## ##°#
##.# #...#
##○# ##..#
#...# #.##
#..## ##..##
#.## #..#
#####..# #..##
##.####.####.#
##..###..#
#...##..#
#...#..##
#.⌠.##.##
##.....#
#[.@...#
#....##
##.#..##
#...##
##2##### ##..#
#5##.## ##.#
##.#..# .##
##2#Z.....# #
#.#..2Z#$)
####..5# #.##


You could see a reaper and an ufetubus.

Vanquished Creatures
  Harold (D:11)
  A centaur warrior (D:8)
  A two-headed ogre (D:11)
  An ugly thing (D:13)
  2 cyclopes
  A gargoyle (D:11)
  An ice statue (IceCv)
  2 unseen horrors
  2 ice devils (D:13)
  A komodo dragon (D:10)
  2 anaconda simulacra (IceCv)
  An efreet (D:13)
  A troll (D:11)
  Grinder (D:5)
  3 hornets (D:9)
  Sigmund (D:2)
  6 slime creatures
  A wyvern (D:10)
  A shadow (D:9)
  A wraith (D:10)
  A yak (D:11)
  3 vampire mosquitoes (D:11)
  A hydra simulacrum (IceCv)
  2 water moccasins
  An ice beast (D:6)
  3 sky beasts
  15 orc warriors
  A swamp drake (D:10)
  4 black bears (D:11)
  3 centaurs
  4 ogres
  A phantom (D:6)
  6 kobold brigands
  5 bullfrogs
  2 necrophages
  A scorpion (D:11)
  7 two-headed ogre simulacra (IceCv)
  2 cane toad simulacra (IceCv)
  6 wights
  9 killer bees
  4 howler monkeys
  A gnoll bouda (D:7)
  2 hounds
  A jelly (D:7)
  7 orc priests
  Jessica (D:3)
  2 iguanas
  3 orc wizards
  2 polar bear simulacra (IceCv)
  A spriggan simulacrum (IceCv)
  7 troll simulacra (IceCv)
  Robin (D:1)
  8 gnolls (D:7)
  3 naga simulacra (IceCv)
  6 river rats
  12 adders
  8 white imps
  5 ufetubi
  2 worms (D:2)
  4 dart slugs
  33 orcs
  10 endoplasms
  6 giant cockroaches
  8 goblins
  12 hobgoblins
  2 jackals (D:2)
  5 quokkas
  13 ball pythons
  8 bats
  3 frilled lizards
  21 kobolds
  27 rats
  A spectral orc (D:8)
337 creatures vanquished.

Vanquished Creatures (collateral kills)
  A boulder beetle (D:13)
  A two-headed ogre (D:13)
  A deep elf pyromancer (D:13)
  An unseen horror (D:11)
  A slime creature (D:12)
  Eustachio (D:6)
  A wyvern (D:6)
  A death yak simulacrum (IceCv)
  2 harpy simulacra (IceCv)
  A water moccasin (D:11)
  An orc warrior (Bailey)
  A two-headed ogre simulacrum (IceCv)
  A bullfrog (D:11)
  A wight (D:8)
  A killer bee (D:9)
  2 hounds (D:6)
  An orc priest (D:10)
  A gnoll bouda (D:7)
  An orc wizard (D:13)
  2 spriggan simulacra (IceCv)
  A troll simulacrum (IceCv)
  9 orcs
  6 kobolds
  4 rats
43 creatures vanquished.

Vanquished Creatures (others)
  5 knights
  An ancestor (Sewer)
  29 fungi (D:11)
  31 plants (D:11)
66 creatures vanquished.

Grand Total: 446 creatures vanquished

Notes
Turn   | Place    | Note
-------+----------+-------------------------------------------
     0 | D:1      | jimonade the Deep Elf Hunter began the quest for the Orb.
     0 | D:1      | Reached XP level 1. HP: 12/12 MP: 3/3
    46 | D:1      | Found a faded altar of an unknown god.
   278 | D:1      | Reached skill level 6 in Ranged Weapons
   278 | D:1      | Reached XP level 2. HP: 16/16 MP: 4/4
   785 | D:2      | Reached XP level 3. HP: 20/20 MP: 5/5
   789 | D:2      | Noticed Robin
  1116 | D:1      | Killed Robin
  1117 | D:1      | Reached skill level 7 in Ranged Weapons
  1515 | D:2      | Reached XP level 4. HP: 26/26 MP: 6/6
  1614 | D:2      | Noticed Sigmund
  1631 | D:2      | Killed Sigmund
  1632 | D:2      | Reached skill level 8 in Ranged Weapons
  1632 | D:2      | Reached XP level 5. HP: 10/30 MP: 7/7
  1949 | D:3      | Found Woumagy's Antique Armour Emporium.
  1968 | D:3      | Reached skill level 9 in Ranged Weapons
  1968 | D:3      | Reached XP level 6. HP: 25/35 MP: 8/8
  2020 | D:3      | Noticed Jessica
  2026 | D:3      | Killed Jessica
  2027 | D:3      | Reached skill level 1 in Armour
  2608 | D:4      | Found a staircase to the Ecumenical Temple.
  2634 | Temple   | Entered the Ecumenical Temple
  2711 | Temple   | Became a worshipper of Hepliaklqana the Forgotten
  2808 | D:4      | Found a glowing silver altar of Zin.
  3220 | D:4      | Found Luciz's Magic Scroll Shoppe.
  3273 | D:4      | Found an ancient bone altar of Kikubaaqudgha.
  3276 | D:4      | Found a hide-covered altar of Uskayaw.
  3339 | D:4      | Found a white marble altar of Elyvilon.
  3507 | D:3      | Bought an embroidered scarf for 240 gold pieces
  3572 | D:5      | Entered Level 5 of the Dungeon
  3575 | D:4      | Identified a scroll of acquirement
  3575 | D:4      | Acquired the amulet "Bibenode" {Reflect rN+ Dex+4 SH+5}
  3723 | D:5      | Reached skill level 10 in Ranged Weapons
  3838 | D:5      | Reached XP level 7. HP: 40/40 MP: 9/9
  3875 | D:5      | Reached * piety under Hepliaklqana
  4051 | D:5      | Noticed Grinder
  4070 | D:5      | Killed Grinder
  4071 | D:5      | Reached skill level 11 in Ranged Weapons
  4277 | D:5      | Acquired the +3 buckler of Altruism {rF++ rC+ Regen+ Dex+3}
  4280 | D:5      | Acquired a +1 pair of boots of stealth
  4285 | D:5      | Acquired a +2 sling of draining
  4316 | D:6      | Found a glowing drain.
  4325 | Sewer    | Entered a sewer
  4420 | Sewer    | Reached XP level 8. HP: 40/40 MP: 10/10
  4514 | Sewer    | Reached skill level 12 in Ranged Weapons
  4563 | Sewer    | Reached skill level 1 in Shields
  4865 | D:6      | Reached ** piety under Hepliaklqana
  4866 | D:6      | Remembered your ancestor Sagil-Zimu as a knight
  5416 | D:6      | Reached skill level 13 in Ranged Weapons
  5465 | D:6      | Noticed Eustachio
  5476 | D:6      | Killed Eustachio
  5597 | D:6      | Found a glowing golden altar of the Shining One.
  5799 | D:6      | Found a blossoming altar of Fedhas.
  5902 | D:6      | Acquired the +6 hand crossbow of Visy {elec, Str+4}
  5917 | D:7      | Reached XP level 9. HP: 45/45 MP: 11/11
  6165 | D:7      | Reached skill level 14 in Ranged Weapons
  6888 | D:8      | Reached *** piety under Hepliaklqana
  6897 | D:8      | Noticed a centaur warrior
  6906 | D:8      | Killed a centaur warrior
  6907 | D:8      | Reached skill level 15 in Ranged Weapons
  7222 | D:8      | Found a basalt altar of Yredelemnul.
  7808 | D:9      | Paralysed by a hornet for 1 turns
  7812 | D:9      | Reached skill level 16 in Ranged Weapons
  7815 | D:9      | Reached XP level 10. HP: 41/52 MP: 12/12
  7824 | D:9      | Reached skill level 5 in Fighting
  7935 | D:9      | Found Poup Syc's General Store.
  8095 | D:9      | Found Jetives's General Store.
  8135 | D:9      | Found Kutulat's Armour Boutique.
  8139 | D:9      | Found Boinostru's Book Shop.
  8265 | D:9      | Reached **** piety under Hepliaklqana
  8428 | D:9      | Found Qidghoemp's Distillery.
  8949 | D:10     | Entered Level 10 of the Dungeon
  8960 | D:10     | Found a flagged portal.
  8969 | Bailey   | Entered a bailey
  8990 | Bailey   | Reached skill level 17 in Ranged Weapons
  9036 | Bailey   | Identified the +0 broad axe of Pafukku {freeze, Fly rN++
                  | Will- Dex+2}
  9095 | Bailey   | Found an iron altar of Okawaru.
  9691 | D:10     | Reached skill level 18 in Ranged Weapons
  9742 | D:10     | Found a staircase to the Orcish Mines.
 10000 | D:11     | Noticed a gargoyle
 10007 | D:11     | Killed a gargoyle
 10055 | D:11     | Noticed a two-headed ogre
 10059 | D:11     | Killed a two-headed ogre
 10060 | D:11     | Reached XP level 11. HP: 57/57 MP: 13/13
 10086 | D:11     | Reached skill level 5 in Armour
 10116 | D:11     | Reached skill level 5 in Stealth
 10371 | D:11     | Noticed Harold
 10384 | D:11     | Killed Harold
 10467 | D:11     | Found a staircase to the Lair.
 10513 | D:11     | Reached ***** piety under Hepliaklqana
 10883 | D:11     | Found a hide-covered altar of Uskayaw.
 10934 | D:11     | Reached skill level 1 in Spellcasting
 10934 | D:11     | Reached skill level 1 in Transmutations
 10934 | D:11     | Reached skill level 1 in Poison Magic
 11187 | D:12     | You fall into a shaft and drop 2 floors!
 11216 | D:13     | Noticed a green ugly thing
 11222 | D:13     | Killed a green ugly thing
 11282 | D:13     | Noticed a deep elf pyromancer
 11284 | D:13     | Killed a deep elf pyromancer
 11348 | D:13     | Noticed a boulder beetle
 11354 | D:13     | Killed a boulder beetle
 11355 | D:13     | Reached XP level 12. HP: 61/61 MP: 18/20
 11415 | D:13     | Noticed a two-headed ogre
 11418 | D:13     | Killed a two-headed ogre
 11460 | D:13     | Found a frozen archway.
 11469 | IceCv    | Entered an ice cave
 11596 | IceCv    | Reached skill level 5 in Spellcasting
 12205 | IceCv    | Noticed a reaper
 12228 | IceCv    | Mangled by a reaper

Illustrated notes

Levels and vault maps discovered:
D:1:      saegor_arrival_under_anarchy, layout_loops_cross,
          hellmonk_ecumenical_altar_inner_sanctum, minmay_bisected
D:2:      layout_loops_ring, uniq_robin, uniq_sigmund
D:3:      minmay_evil_eye, layout_rooms, serial_shops, shop,
          minmay_misc_feat_tiny, uniq_jessica
D:4:      layout_basic, nicolae_overflow_hidden_temple,
          minmay_temple_entry_tees, serial_shops, shop, minmay_misc_feat_plants
D:5:      layout_basic, uniq_grinder
D:6:      layout_layer_cave, nicolae_tso_swordbearing_angel,
          kennysheep_mini_moat, portal_sewer_entry_b, grunt_decor_resistance,
          minmay_misc_feat_iff, chequers_serial_rivers_micro_d, uniq_eustachio
D:7:      layout_basic, st_stairs_3
D:8:      layout_basic, yredelemnul_forgotten_temple_becter
D:9:      layout_layer_cave, serial_shops, nicolae_shop_trees, shop,
          nicolae_stop_n_shop_2, nicolae_shop_behind_doors, kennysheep_mini
D:10:     layout_gridville, erik_orc_1, enter_bailey_2, serial_glass,
          glass_columns_b, glass_columns_b
D:11:     layout_roguey [special_room_orc], due_lair_maze_entry_diamond,
          serial_glass, glass_columns_a, glass_columns_a, glass_columns_b,
          glass_columns_b, nicolae_uskayaw_dance_studio, uniq_harold
D:12:     layout_roguey
D:13:     layout_roguey, portal_ice_cave_demonic_guard, serial_curves,
          eino_curves_02, eino_curves_02, nicolae_shop_vocational, uniq_azrael,
          uniq_lodul
D:14:     kennysheep_demon_hangout, layout_gridville, david_vaults_4,
          kennysheep_donut, minmay_unpleasant_kobolds
Temple:   regret_index_temple_waves
IceCv:    ice_cave_caverns_01

Skill      XL: |  1  2  3  4  5  6  7  8  9 10 11 12 |
---------------+-------------------------------------+-----
Ranged Weapons | 6 7 8 9 10 11 13 16 18 | 18.0
Fighting       | 2 3 4 5 |  5.3
Armour         | 1 2 3 4 6 |  6.7
Shields        | 2 4 |  4.7
Dodging        | 3 4 |  4.9
Stealth        | 2 3 4 6 |  6.1
Spellcasting   | 4 5 |  5.7
Transmutations | 3 4 |  4.8
Poison Magic   | 3 4 |  4.9

Action                     |  1- 3 |  4- 6 |  7- 9 | 10-12 || total
---------------------------+-------+-------+-------+-------++-------
   Fire: Shortbow          |   109 |    77 |       |       ||   186
         Sling             |       |    42 |   172 |       ||   214
         Hand crossbow     |       |       |    72 |   314 ||   386
 Invoke: Ancestor Life: Kn |       |       |     1 |       ||     1
         Recall Ancestor   |       |       |     2 |     4 ||     6
    Use: Scroll            |       |     9 |    10 |    13 ||    32
         Potion            |       |       |     2 |     1 ||     3
 Armour: Leather armour    |    11 |     4 |    26 |     4 ||    45
  Dodge: Dodged            |    36 |    15 |    59 |    37 ||   147
  Block: Other             |       |     4 |    24 |    15 ||    43
         Reflection        |       |     1 |       |     7 ||     8

Table legend: (Time is in decaauts)
 A = Elapsed time spent in this place.
 B = Non-inter-level travel time spent in this place.
 C = Inter-level travel time spent in this place.
 D = Time resting spent in this place.
 E = Time spent auto-exploring this place.
 F = Levels seen in this place.
 G = Mean time per level.
                   A        B        C        D        E       F      G
               +--------+--------+--------+--------+--------+-----+--------+
         Total |  12308 |  11643 |    665 |   1033 |   8416 |  18 |  683.8 |
       Dungeon |  10701 |  10109 |    592 |    841 |   7642 |  14 |  764.4 |
        Temple |    150 |     77 |     73 |      0 |     60 |   1 |  150.0 |
         Sewer |    423 |    423 |      0 |    130 |    113 |   1 |  423.0 |
        Bailey |    271 |    271 |      0 |      0 |    109 |   1 |  271.0 |
      Ice Cave |    761 |    761 |      0 |     62 |    492 |   1 |  761.0 |
               +--------+--------+--------+--------+--------+-----+--------+

Top non-repeatable levels by time:
     D:6: 1206 daAuts
     D:9: 1199 daAuts
     D:1: 1114 daAuts
    D:11: 1045 daAuts
     D:8: 1002 daAuts
     D:4: 988 daAuts
     D:7: 854 daAuts
     D:2: 828 daAuts
    D:10: 782 daAuts
   IceCv: 761 daAuts
     D:3: 669 daAuts
     D:5: 577 daAuts
   Sewer: 423 daAuts
  Bailey: 271 daAuts
    D:13: 257 daAuts
